 Dungeon Crawl Stone Soup version 0.24.0-37-gcf1ca852f1 (webtiles) character file.

Game seed: 15276650593957120662, levelgen mode: deterministic

828 Gruesph the Purveyor of Pain (level 7, -2/55 HPs)
             Began as a Deep Dwarf Necromancer on Nov 22, 2019.
             Was an Initiate of Kikubaaqudgha.
             Slain by an ogre
             ... wielding a +0 giant club
              (18 damage)
             ... on level 5 of the Dungeon.
             The game lasted 00:39:39 (5600 turns).

Gruesph the Purveyor of Pain (DDNe)                 Turns: 5600, Time: 00:39:39

Health: -2/55      AC:  8    Str: 12    XL:     7   Next: 64%
Magic:  21/24 (15) EV: 12    Int: 17    God:    Kikubaaqudgha [......]
Gold:   223        SH:  0    Dex: 13    Spells: 8/16 levels left

rFire    . . .     SeeInvis .   a - +0 hunting sling
rCold    . . .     Gourm    .   (no shield)
rNeg     . . .     Faith    .   n - +0 ring mail
rPois    .         Spirit   .   e - +1 helmet
rElec    .         Reflect  .   (no cloak)
rCorr    .         Harm     .   (no gloves)
MR       +....                  u - +0 pair of boots
Stlth    +.........             (no amulet)
HPRegen  0.00/turn              g - +1 ring of evasion
MPRegen  0.19/turn              j - ring of magical power

@: non-regenerating
A: damage resistance, heal wounds, sense surroundings 1, no regeneration
a: Heal Wounds, Renounce Religion


You were on level 5 of the Dungeon.
You worshipped Kikubaaqudgha.
Kikubaaqudgha was noncommittal.
You were hungry.

You visited 2 branches of the dungeon, and saw 6 of its levels.

You collected 223 gold pieces.

Inventory:

Hand Weapons
 a - a +0 hunting sling (weapon)
 b - a +0 hand axe
Missiles
 q - 10 sling bullets (quivered)
Armour
 e - a +1 helmet (worn)
 n - a +0 ring mail (worn)
 u - a +0 pair of boots (worn)
 w - a +1 pair of boots
Jewellery
 g - a +1 ring of evasion (left hand)
 j - a ring of magical power (right hand)
Wands
 t - a wand of random effects (10)
Scrolls
 m - a scroll of enchant armour
 r - 4 scrolls of remove curse
 v - 2 scrolls of amnesia
Potions
 c - a potion of curing
 d - a potion of ambrosia
 h - a potion of invisibility
 k - a potion of flight
 l - a potion of brilliance {unknown}
 o - a potion of lignification {unknown}
 p - a potion of agility {unknown}
 s - a potion of magic
Comestibles
 f - 9 rations


   Skills:
 - Level 2.1 Dodging
 - Level 2.4 Stealth
 + Level 5.3 Spellcasting
 + Level 8.0 Necromancy
 + Level 0.0 Evocations


You had 8 spell levels left.
You knew the following spells:

 Your Spells              Type           Power        Failure   Level  Hunger
a - Pain                  Necr           ####         1%          1    None
b - Animate Dead          Necr           N/A          12%         4    ####...
c - Vampiric Draining     Necr           ####......   3%          3    ##.....

Your spell library contained the following spells:

 Spells                   Type           Power        Failure   Level  Hunger
 Animate Skeleton         Necr           N/A          1%          1    None
 Regeneration             Chrm/Necr      Unusable     N/A         3    N/A

Dungeon Overview and Level Annotations

Branches:
Dungeon (5/15)             Temple (1/1) D:4

Altars:
Dithmenos
Elyvilon
Fedhas
Gozag
Hepliaklqana
Kikubaaqudgha
Makhleb
Nemelex Xobeh
Okawaru
Qazlal
Ru
Trog
Uskayaw
Vehumet
Wu Jian
Xom
Yredelemnul
Zin
The Shining One


Innate Abilities, Weirdness & Mutations

You are resistant to damage.
You can heal yourself by infusing magical energy.
You passively map a small area around you.
You do not regenerate.


Message History

Aiming: Pain (safe; 1% risk of failure)
Press: ? - help, Shift-Dir - straight line, f/p - ogre
Aim: an ogre, wielding a +0 giant club (moderately wounded, chance to defeat MR: 84%)
The ogre writhes in agony.
The orc wizard shouts!
The ogre hits you with a +0 giant club!!
* * * LOW HITPOINT WARNING * * *
The orc wizard gestures wildly while chanting.
The orc wizard flickers and vanishes!
Deactivating autopickup; reactivate with Ctrl-A.
Casting: Pain (safe; 1% risk of failure)
Confirm with . or Enter, or press ? or * to list all spells.
Aiming: Pain (safe; 1% risk of failure)
Press: ? - help, Shift-Dir - straight line, f/p - ogre
Aim: an ogre, wielding a +0 giant club (heavily wounded, chance to defeat MR: 84%)
The ogre writhes in agony!
A howler monkey skeleton comes into view.
The ogre hits you with a +0 giant club!!
You die...
Kikubaaqudgha rasps: "You have failed me!
Welcome... death!"

#.## #. .# , #
#.#.# #
##(#o#### * .
#.o.....## * ,
,. .#.)...Z #.
* ...... , ,
.. **#O.#.#
,....
#@Z#.#####...#
#...........#
,
#......##..##
#..###.#....#
,
#..###...#,**,
#.......## *
** #...##.##,
, #...##..####
#
#^..###..#.##
#


You could see an ogre, an orc priest, an orc wizard, a howler monkey skeleton
and a friendly worker ant zombie.

Vanquished Creatures
  Eustachio (D:4)
  An ogre (D:5)
  A scorpion (D:4)
  A howler monkey (D:4)
  A crimson imp (D:5)
  2 hounds (D:4)
  An orc priest (D:4)
  An orc wizard (D:4)
  A bullfrog skeleton (D:4)
  4 worker ants
  A killer bee zombie (D:5)
  A mummy (D:4)
  A worker ant zombie (D:5)
  Robin (D:3)
  5 gnolls
  4 adders
  2 oozes (D:1)
  An adder skeleton (D:4)
  2 worms
  A dart slug (D:4)
  A leopard gecko (D:3)
  6 orcs
  3 bats
  2 giant cockroaches
  9 goblins
  10 hobgoblins
  5 jackals (D:2)
  2 quokkas
  6 frilled lizards
  A hobgoblin zombie (D:4)
  7 kobolds
  An orc zombie (D:4)
  9 rats
95 creatures vanquished.

Vanquished Creatures (collateral kills)
  A gnoll (D:3)
  2 adders
  2 jackals (D:2)
5 creatures vanquished.

Grand Total: 100 creatures vanquished

Notes
Turn   | Place    | Note
-------+----------+-------------------------------------------
     0 | D:1      | Gruesph the Deep Dwarf Necromancer began the quest for the
                  | Orb.
     0 | D:1      | Reached XP level 1. HP: 15/15 MP: 3/3
   354 | D:1      | Reached XP level 2. HP: 22/22 MP: 3/5
   364 | D:1      | Learned a level 1 spell: Animate Skeleton
  1039 | D:2      | Found a glowing golden altar of the Shining One.
  1107 | D:2      | Reached XP level 3. HP: 28/28 MP: 0/6
  1110 | D:2      | Reached skill level 5 in Necromancy
  1175 | D:2      | Learned a level 3 spell: Vampiric Draining
  1414 | D:2      | Reached XP level 4. HP: 36/36 MP: 6/8
  1647 | D:2      | Found an opulent altar of Gozag.
  2089 | D:3      | Learned a level 4 spell: Animate Dead
  2634 | D:3      | Reached XP level 5. HP: 42/42 MP: 8/10
  2650 | D:3      | Noticed Robin
  2656 | D:3      | Killed Robin
  2774 | D:3      | Found a hide-covered altar of Uskayaw.
  2798 | D:3      | Reached skill level 6 in Necromancy
  3015 | D:4      | Found a staircase to the Ecumenical Temple.
  3349 | Temple   | Entered the Ecumenical Temple
  3545 | Temple   | Became a worshipper of Kikubaaqudgha
  3643 | D:4      | Found a shimmering altar of Xom.
  3656 | D:4      | Reached XP level 6. HP: 31/49 MP: 12/12
  3890 | D:4      | Found a burning altar of Makhleb.
  4081 | D:5      | Entered Level 5 of the Dungeon
  4538 | D:4      | Noticed Eustachio
  4608 | D:4      | Killed Eustachio
  4608 | D:4      | Reached skill level 7 in Necromancy
  4608 | D:4      | Reached XP level 7. HP: 38/55 MP: 4/14
  4735 | D:4      | Found a faded altar of an unknown god.
  4735 | D:4      | Found a faded altar of an unknown god.
  4740 | D:4      | Found a glowing silver altar of Zin.
  4744 | D:4      | Found an iron altar of Okawaru.
  4746 | D:4      | Found a radiant altar of Vehumet.
  5198 | D:4      | Reached skill level 5 in Spellcasting
  5395 | D:5      | Found an ornate altar of the Wu Jian Council.
  5447 | D:5      | Reached skill level 8 in Necromancy
  5600 | D:5      | Slain by an ogre

Levels and vault maps discovered:
D:1:      dpeg_arrival_chambers_temple_mockup, layout_basic
D:2:      layout_loops_ring, nicolae_gozag_seed_capital, tso_altar, first_ration
D:3:      layout_loops_ring, overflow_temple_1_default,
          kennysheep_generic_room_6, uniq_robin
D:4:      layout_basic, makhleb_grotto_becter, xom_teletrap_fun,
          chequers_temple_overflow_minitemple, minmay_temple_entry_stoned_glass,
          nicolae_ossuary_entry_giza, uniq_eustachio
D:5:      layout_loops_ring, evilmike_ruin_ashenzari, lemuel_round_altar,
          minmay_fractal_squares_gapless_5
Temple:   chequers_temple_sunken

Skill      XL: |  1  2  3  4  5  6  7 |
---------------+----------------------+-----
Spellcasting   | 2 3 4 5 |  5.3
Necromancy     | 5 6 7 8 |  8.0
Dodging        | |  2.1
Stealth        | |  2.4

Action                   |  1- 3 |  4- 6 |  7- 9 || total
-------------------------+-------+-------+-------++-------
Melee: Short sword       |    10 |       |       ||    10
       Hand axe          |       |   127 |    16 ||   143
 Fire: Hunting sling     |    10 |    86 |    30 ||   126
 Cast: Pain              |    48 |    89 |    15 ||   152
       Animate Skeleton  |    10 |    11 |     3 ||    24
       Vampiric Draining |       |    14 |     9 ||    23
       Animate Dead      |       |       |     2 ||     2
  Use: Scroll            |       |     9 |     3 ||    12
  Eat: Chunk             |     2 |     8 |     4 ||    14
       Ration            |       |     1 |       ||     1
Armor: Leather armour    |     6 |       |       ||     6
       Ring mail         |       |    95 |    17 ||   112
Dodge: Dodged            |     8 |   143 |    31 ||   182
